 Dungeon Crawl Stone Soup version 0.29-a0-477-g62b78b4225 (webtiles) character file.

Game seed: 14248383610649669204

6231 spaghetti the Grappler (level 10, -4/105 HPs)
             Began as a Demonspawn Berserker on May 24, 2022.
             Was an Elder of Trog.
             Killed from afar by an electric eel (9 damage)
             ... with a bolt of electricity
             ... on level 8 of the Dungeon.
             The game lasted 00:11:22 (7603 turns).

spaghetti the Grappler (Demonspawn Berserker)       Turns: 7603, Time: 00:11:23

Health: -4/105     AC: 12    Str: 21    XL:     10   Next: 61%
Magic:  10/10      EV:  8    Int:  8    God:    Trog [****..]
Gold:   421        SH:  0    Dex: 14    Spells: 9/9 levels left

rFire   . . .      SeeInvis .     - Unarmed
rCold   . . .      Faith    .   (no shield)
rNeg    . . .      Spirit   .   d - +0 chain mail
rPois   .          Reflect  .   h - +0 helmet
rElec   .          Harm     .   l - +2 cloak
rCorr   .          Rampage  .   (gloves unavailable)
Will    ++...                   (no boots)
Stlth   ..........              w - amulet of regeneration {@e2}
HPRegen 2.07/turn               (no ring)
MPRegen 0.12/turn               (no ring)

@: berserking, strong-willed, regenerating, very quick
A: claws 3, demonic guardian 2
a: Renounce Religion, Berserk, Trog's Hand, Brothers in Arms


You were on level 8 of the Dungeon.
You worshipped Trog.
Trog was greatly pleased with you.
You visited 1 branch of the dungeon, and saw 8 of its levels.
You also visited: Ossuary and Bailey.

You collected 421 gold pieces.


Innate Abilities, Weirdness & Mutations

You have claws for hands.
A demonic guardian rushes to your aid.


   Skills:
 - Level 3.0 Fighting
 - Level 1.7 Armour
 - Level 1.7 Dodging
 + Level 14.8 Unarmed Combat


You had 9 spell levels left.
You didn't know any spells.
Your spell library contained the following spells:

 Spells                   Type           Power      Damage    Failure   Level
 Ensorcelled Hibernation  Hex/Ice        0%         N/A       100%        2
 Passwall                 Tmut/Erth      0%         N/A       100%        2
 Poisonous Vapours        Pois/Air       0%         N/A       100%        2
 Call Canine Familiar     Summ           0%         N/A       100%        3
 Portal Projectile        Hex/Tloc       0%         N/A       100%        3
 Swiftness                Air            0%         N/A       100%        3
 Corpse Rot               Necr/Pois/Air  0%         N/A       100%        4
 Leda's Liquefaction      Hex/Erth       0%         N/A       100%        4

Inventory:

Missiles
 m - 266 stones (quivered) {throwing}
 o - 30 poisoned darts {throwing}
 v - 4 throwing nets {=f!fthrowing}
 A - 4 javelins {throwing}
 C - 5 boomerangs {throwing}
Armour
 a - a +0 animal skin
 d - a +0 chain mail (worn)
   (You found it on level 2 of the Dungeon)
 h - a +0 helmet (worn)
   (You took it off Robin on level 3 of the Dungeon)
 i - a +1 ring mail of positive energy
   (You found it on level 1 of the Dungeon)
 l - a +2 cloak (worn)
   (You found it on level 1 of the Dungeon)
Jewellery
 w - an amulet of regeneration (around neck) {@e2}
   (You found it on level 5 of the Dungeon)
 B - a ring of fire
   (You found it on level 5 of the Dungeon)
 E - a ring of protection from cold
   (You found it on level 8 of the Dungeon)
Wands
 n - a wand of iceblast (6)
   (You found it on level 4 of the Dungeon)
 t - a wand of flame (38)
   (You took it off Natasha on level 2 of the Dungeon)
 F - a wand of mindburst (24)
   (You found it on level 8 of the Dungeon)
 G - a wand of acid (6)
   (You took it off Maurice on level 8 of the Dungeon)
Scrolls
 c - 3 scrolls of teleportation {@r4}
 e - 4 scrolls of blinking {!r}
 f - 4 scrolls of poison {!r}
 g - 2 scrolls of fog
 k - a scroll of enchant armour
 x - a scroll of enchant weapon
 y - 2 scrolls of vulnerability {!r!r}
 D - a scroll of immolation {!r!r}
Potions
 b - 3 potions of lignification {!q}
 j - 2 potions of brilliance
 p - 2 potions of heal wounds {@q2}
 q - 2 potions of degeneration {!q@e2}
 r - 4 potions of resistance {unknown}
 s - 2 potions of attraction {unknown}
 u - a potion of invisibility {unknown}
 z - 4 potions of flight {unknown}

Dungeon Overview and Level Annotations

Branches:
Dungeon (8/15)             Temple (0/1) D:7         Ossuary (visited)
 Bailey (visited)
   Lair: D:8-11

Altars:
Dithmenos
Makhleb
Nemelex Xobeh
Okawaru
Qazlal
Xom

Annotations:
D:4 1 runed translucent door, Crazy Yiuf

#... #.# #.#.#
#....#.# #.#.#
...#.###.#
.####.#..).)#####
###
...................
...
.>.................
...
.##...#.###########
###
..........3.....
######
####...4@.......
......
#....S.≈.≈≈..
......
#..[≈S.≈.≈≈≈≈
......
..(.≈≈≈≈.≈.≈≈≈≈
......
.....≈≈≈≈≈.≈≈≈≈
......
.....≈≈≈≈≈.≈≈≈.
......
[.....≈≈≈≈/≈≈≈≈
.)....
......≈≈≈....≈≈
...... ......


You could see 2 electric eels, a friendly soul eater (summoned) and a friendly
rust devil (summoned).


Message History

The hound barely misses you. 😕 HP[+1]
You claw the hound!
The hound barely misses you. x2 😕 HP[+2]
You regained 2 hp, and now have 65/70 hp.
You mangle the hound!!
You kill the hound!
Trog accepts your kill. 😕 HP[+1]
You mangle the yak!! The yak barely misses you. 😕 HP[+1]
You claw the yak!
You kill the yak!
Trog accepts your kill. 😕 HP[+1]
You scratch the yak. Your claw misses the yak.
The yak gores you but does no damage. 😕 HP[+1]
You mangle the yak!!
The yak gores you but does no damage. 😎 HP[+1]
Your hp is fully restored (70).
You mangle the yak!!
You kill the yak!
Trog accepts your kill.
You swing at nothing.
You feel yourself speed up.
Things that are here:
a +2 scimitar of flaming {long}; a +0 robe of cold resistance; a +0 arbalest {crossbow}
G - a wand of acid (6);
f - 4 scrolls of poison {!r} (gained 1)
You now have 421 gold pieces (gained 21).
Things that are here:
a +0 dagger {short}; a +0 cloak The electric eel shoots out a bolt of lightning at you!
The bolt of electricity hits the electric eel.
The electric eel completely resists.
The bolt of electricity hits you!
A demonic guardian appears! 😕 HP[-13]
You take 13 damage, and now have 57/70 hp.
There are monsters nearby!
There are monsters nearby!
Okay, then.
Unknown command.
The electric eel shoots out a bolt of lightning at you!
The bolt of electricity hits the electric eel.
The electric eel completely resists.
The bolt of electricity hits you! 😮 HP[-12]
You take 12 damage, and now have 45/70 hp.
You recover from your berserk rage.
The electric eel shoots out a bolt of lightning at you!
The bolt of electricity hits the electric eel.
The electric eel completely resists.
The bolt of electricity hits you! The bolt of electricity misses you.
The bolt of electricity hits the electric eel.
The electric eel completely resists. 😮 HP[-9]
You take 9 damage, and now have 36/70 hp.
The electric eel shoots out a bolt of lightning at you!
The bolt of electricity hits the electric eel.
The electric eel completely resists.
The bolt of electricity hits you.
* * * LOW HITPOINT WARNING * * *
The bolt of electricity hits you!
* * * LOW HITPOINT WARNING * * *
The bolt of electricity hits the electric eel.
The electric eel completely resists. 😨 HP[-14]
You take 14 damage, and now have 22/70 hp.
You miss the electric eel.
Unknown command.
Okay, then.
Your skin crawls.
You feel strong-willed.
The electric eel shoots out a bolt of lightning at you!
The bolt of electricity hits you.
* * * LOW HITPOINT WARNING * * *
The bolt of electricity hits you.
* * * LOW HITPOINT WARNING * * *
The bolt of electricity hits the electric eel.
The electric eel completely resists.
The bolt of electricity hits the electric eel.
The electric eel completely resists. 😱 HP[-6]
You take 6 damage, and now have 16/70 hp.
Unknown command.
Unknown command.
Unknown command.
A red film seems to cover your vision as you go berserk!
You feel yourself moving faster!
You feel mighty!
The electric eel shoots out a bolt of lightning at you!
The bolt of electricity hits the electric eel.
The electric eel completely resists.
The bolt of electricity hits you!
* * * LOW HITPOINT WARNING * * *
A demonic guardian appears!
The bolt of electricity hits you.
* * * LOW HITPOINT WARNING * * *
The bolt of electricity hits the electric eel.
The electric eel completely resists.
The electric eel shoots out a bolt of lightning at you!
The bolt of electricity hits you!
* * * LOW HITPOINT WARNING * * *
The bolt of electricity hits you!
You die...

Skill      XL: |  1  2  3  4  5  6  7  8  9 10 |
---------------+-------------------------------+-----
Unarmed Combat | 3 4 5 6 7 9 11 13 14 | 14.8
Fighting       | |  3.0
Armour         | |  1.7
Dodging        | |  1.7

Action                   |  1- 3 |  4- 6 |  7- 9 | 10-12 || total
-------------------------+-------+-------+-------+-------++-------
Melee: Unarmed           |    95 |   151 |   294 |    51 ||   591
       Punch             |     3 |     7 |    17 |     4 ||    31
Throw: Stone             |       |    13 |    33 |       ||    46
Invok: Berserk           |       |     1 |     4 |     2 ||     7
       Trog's Hand       |       |     1 |     1 |     2 ||     4
       Brothers in Arms  |       |       |       |     1 ||     1
  Use: Scroll            |       |     9 |     7 |       ||    16
       Potion            |       |     2 |       |       ||     2
 Stab: Sleeping          |     1 |       |       |       ||     1
       Distracted        |       |       |     1 |       ||     1
Armor: Ring mail         |    33 |     9 |       |       ||    42
       Animal skin       |     2 |       |       |       ||     2
       Chain mail        |       |    98 |   158 |    26 ||   282
Dodge: Dodged            |    50 |    57 |   105 |    30 ||   242

Levels and vault maps discovered:
D:1:      dpeg_arrival_erosion, layout_loops_ring
D:2:      layout_basic, basic_altar, solitary_fountain, uniq_natasha
D:3:      layout_basic, mainiacjoe_overflow_brackets, uniq_robin, uniq_sigmund
D:4:      kennysheep_kobold_camp, layout_loops_ring, lexackson_kobold_supper,
          uniq_crazy_yiuf_cottage
D:5:      layout_rooms, serial_corexii_hall, corexii_hall_statues_deadend,
          chequers_hall_statues_wall_a, chequers_hall_statues_y,
          chequers_hall_statues_corner_a, gup_ossuary_entry_pyramid,
          minmay_tree_intersection, kennysheep_generic_room_9, uniq_ijyb
D:6:      layout_gridville, kennysheep_decorative_pillar,
          minmay_misc_feat_more_columns, uniq_maggie
D:7:      layout_cave_pools, nicolae_overflow_quartered_altars,
          nemelex_spade_bored_becter, minmay_temple_entry_glass,
          lightli_bailey_entry_fortress, uniq_pikel
D:8:      layout_basic, lemuel_blue_sif_altar, nicolae_tso_carved_into_rock,
          erik_lair_island, uniq_maurice, uniq_erica

Notes
Turn   | Place    | Note
-------+----------+-------------------------------------------
     0 | D:1      | spaghetti the Demonspawn Berserker began the quest for the
                  | Orb.
     0 | D:1      | Reached XP level 1. HP: 18/18 MP: 1/1
     0 | D:1      | magus.rc [v1.9.6]
   276 | D:1      | Reached skill level 3 in Unarmed Combat
   435 | D:1      | You pick up a book of Burglary {forbidden} and begin
                  | reading...
   435 | D:1      | You add the spells Passwall, Ensorcelled Hibernation and
                  | Swiftness to your library.
   669 | D:1      | Gained mutation: A weak demonic guardian rushes to your
                  | aid. [demonic ancestry]
   669 | D:1      | Reached XP level 2. HP: 14/24 MP: 2/2
  1371 | D:2      | Found a shimmering altar of Xom.
  1464 | D:2      | Gained mutation: You have sharp fingernails. [demonic
                  | ancestry]
  1464 | D:2      | Reached XP level 3. HP: 29/29 MP: 3/3
  1487 | D:2      | Reached skill level 4 in Unarmed Combat
  1600 | D:2      | Noticed Natasha
  1606 | D:2      | Killed Natasha
  1606 | D:2      | Reached ** piety under Trog
  1704 | D:2      | Reached XP level 4. HP: 34/35 MP: 4/4
  1801 | D:2      | Noticed Natasha
  1810 | D:2      | Killed Natasha
  1843 | D:2      | Noticed Natasha
  1849 | D:2      | Killed Natasha
  1850 | D:2      | Reached skill level 5 in Unarmed Combat
  2505 | D:3      | Gained mutation: You have very sharp fingernails. [demonic
                  | ancestry]
  2505 | D:3      | Reached XP level 5. HP: 41/41 MP: 5/5
  2657 | D:3      | Found a stormy altar of Qazlal.
  2686 | D:3      | You pick up a book of Vapours {forbidden} and begin
                  | reading...
  2686 | D:3      | You add the spells Poisonous Vapours and Corpse Rot to your
                  | library.
  2763 | D:3      | Noticed Sigmund
  2777 | D:3      | Killed Sigmund
  2778 | D:3      | Reached skill level 6 in Unarmed Combat
  2778 | D:3      | Reached XP level 6. HP: 44/47 MP: 6/6
  2854 | D:3      | Noticed Robin
  2874 | D:3      | Killed Robin
  3437 | D:4      | Reached *** piety under Trog
  3566 | D:4      | HP: 14/70 [kobold/+2 dagger of venom (5)]
  3569 | D:4      | HP: 5/70 [poisoned by a kobold]
  3571 | D:4      | Reached skill level 7 in Unarmed Combat
  3571 | D:4      | HP: 2/47 [poisoned by a kobold]
  3931 | D:4      | Gained mutation: You have claws for hands. [demonic
                  | ancestry]
  3931 | D:4      | Reached XP level 7. HP: 45/52 MP: 7/7
  4267 | D:4      | Found a runed translucent door.
  4268 | D:4      | Noticed Crazy Yiuf
  4308 | D:4      | Reached skill level 8 in Unarmed Combat
  4893 | D:5      | Entered Level 5 of the Dungeon
  5100 | D:5      | Found a sand-covered staircase.
  5109 | Ossuary  | Entered an ossuary
  5136 | Ossuary  | Reached **** piety under Trog
  5137 | Ossuary  | Reached skill level 9 in Unarmed Combat
  5137 | Ossuary  | Reached XP level 8. HP: 58/58 MP: 8/8
  5245 | Ossuary  | Reached skill level 10 in Unarmed Combat
  5316 | D:5      | Noticed Ijyb
  5323 | D:5      | Killed Ijyb
  5893 | D:6      | Reached skill level 11 in Unarmed Combat
  5944 | D:6      | Noticed Maggie
  5949 | D:6      | Reached XP level 9. HP: 53/63 MP: 9/9
  5957 | D:6      | Killed Maggie
  6083 | D:6      | You pick up a book of the Hunter {forbidden} and begin
                  | reading...
  6083 | D:6      | You add the spells Call Canine Familiar, Portal Projectile
                  | and Leda's Liquefaction to your library.
  6277 | D:6      | Reached skill level 12 in Unarmed Combat
  6648 | D:7      | Noticed Pikel
  6657 | D:7      | Killed Pikel
  6669 | D:7      | Found a staircase to the Ecumenical Temple.
  6701 | D:7      | Reached skill level 13 in Unarmed Combat
  6721 | D:7      | Found a sparkling altar of Nemelex Xobeh.
  6831 | D:7      | Found a flagged portal.
  6834 | D:7      | Reached ***** piety under Trog
  6847 | Bailey   | Entered a bailey
  6890 | Bailey   | Noticed an orc knight
  6895 | Bailey   | HP: 13/94 [orc knight/+0 war axe (14)]
  7107 | D:7      | Gained mutation: A demonic guardian rushes to your aid.
                  | [demonic ancestry]
  7107 | D:7      | Reached XP level 10. HP: 65/70 MP: 10/10
  7114 | D:7      | Found a shimmering altar of Xom.
  7137 | D:7      | Found a burning altar of Makhleb.
  7153 | D:7      | Found an iron altar of Okawaru.
  7303 | D:7      | Found a shadowy altar of Dithmenos.
  7439 | D:8      | Noticed a two-headed ogre
  7443 | D:8      | Killed a two-headed ogre
  7541 | D:8      | Noticed Maurice
  7542 | D:8      | Noticed Erica
  7551 | D:8      | Killed Maurice
  7552 | D:8      | Reached skill level 14 in Unarmed Combat
  7557 | D:8      | Killed Erica
  7602 | D:8      | HP: 16/70 [electric eel/bolt of electricity (2)]
  7603 | D:8      | HP: 5/105 [electric eel/bolt of electricity (10)]
  7603 | D:8      | Killed from afar by an electric eel

Vanquished Creatures
  Erica (D:8)
  Pikel (D:7)
  Maurice (D:8)
  A troll (D:8)
  Sigmund (D:3)
  A wyvern (D:5)
  3 yaks (D:8)
  A water moccasin (D:7)
  A black bear (D:7)
  A wolf (D:8)
  2 centaurs (D:6)
  6 elf zombies (Ossuary)
  A kobold brigand (D:4)
  3 bullfrogs
  3 necrophages
  A scorpion (D:5)
  7 wights (D:7)
  2 electric eels (Bailey)
  A howler monkey (D:6)
  4 human zombies (Ossuary)
  A centaur zombie (Ossuary)
  3 gnoll shamans
  5 hounds
  7 jellies
  Ijyb (D:5)
  An iguana (D:6)
  Natasha (thrice) (D:2)
  4 mummies
  Robin (D:3)
  8 adders
  21 gnolls
  A white imp (D:5)
  2 worms
  4 dart slugs
  12 orcs
  8 ball pythons
  7 endoplasms
  3 giant cockroaches
  12 goblins
  6 hobgoblins
  10 jackals
  3 quokkas
  2 bats (D:2)
  3 frilled lizards
  24 kobolds
  5 rats
199 creatures vanquished.

Vanquished Creatures (collateral kills)
  A two-headed ogre (D:8)
  Maggie (D:6)
  An ogre (D:6)
  A kobold brigand (D:4)
  A centaur zombie (Ossuary)
  A hound (D:8)
  3 kobolds (D:4)
9 creatures vanquished.

Vanquished Creatures (others)
  2 kobolds (D:4)
  13 plants (D:4)
15 creatures vanquished.

Grand Total: 223 creatures vanquished

Table legend:
 A = Non-vault XP
 B = Vault XP
 C = Vault XP percentage of total XP
 D = Non-vault monster count
 E = Vault monster count
 F = Vault count percentage of total count
                 A         B        C        D         E       F
            +---------+---------+-------+---------+---------+-------
      Total |    4526 |    4376 |  49.2 |     130 |      78 |  37.5
            +---------+---------+-------+---------+---------+-------
        D:1 |      12 |       0 |   0.0 |       8 |       0 |   0.0
        D:2 |     137 |      35 |  20.3 |      26 |       1 |   3.7
        D:3 |     102 |     266 |  72.3 |      23 |       8 |  25.8
        D:4 |     322 |     224 |  41.0 |      17 |      27 |  61.4
        D:5 |     411 |      57 |  12.2 |      14 |       3 |  17.6
        D:6 |     943 |     404 |  30.0 |      21 |       1 |   4.5
        D:7 |    1195 |     762 |  38.9 |      17 |      13 |  43.3
        D:8 |    1404 |    1644 |  53.9 |       4 |       8 |  66.7
    Ossuary |       0 |     878 | 100.0 |       0 |      15 | 100.0
     Bailey |       0 |     106 | 100.0 |       0 |       2 | 100.0
            +---------+---------+-------+---------+---------+-------

Illustrated notes

Table legend:
 A = Kills in this place as a percentage of kills in entire the game.
 B = Kills by you in this place as a percentage of kills by you in the entire game.
 C = Kills by friends in this place as a percentage of kills by friends in the entire game.
 D = Other kills in this place as a percentage of other kills in the entire game.
 E = Experience gained in this place as a percentage of experience gained in the entire game.
 F = Experience gained in this place divided by the number of levels of this place that you have seen.
                   A       B       C       D       E      F
               +-------+-------+-------+-------+-------+----------------------
         Total | 100.0 | 100.0 | 100.0 |   N/A | 100.0 | 890.2
       Dungeon |  91.8 |  92.0 |  88.9 |   N/A |  88.9 | 989.8
       Ossuary |   7.2 |   7.0 |  11.1 |   N/A |   9.9 | 878.0
        Bailey |   1.0 |   1.0 |   0.0 |   N/A |   1.2 | 106.0
               +-------+-------+-------+-------+-------+----------------------

Table legend: (Time is in decaauts)
 A = Elapsed time spent in this place.
 B = Non-inter-level travel time spent in this place.
 C = Inter-level travel time spent in this place.
 D = Time resting spent in this place.
 E = Time spent auto-exploring this place.
 F = Levels seen in this place.
 G = Mean time per level.
                   A        B        C        D        E       F      G
               +--------+--------+--------+--------+--------+-----+--------+
         Total |   7580 |   7096 |    484 |    139 |   5691 |  10 |  758.0 |
       Dungeon |   7339 |   6855 |    484 |    124 |   5590 |   8 |  917.4 |
       Ossuary |    189 |    189 |      0 |      0 |     81 |   1 |  189.0 |
        Bailey |     52 |     52 |      0 |     15 |     20 |   1 |   52.0 |
               +--------+--------+--------+--------+--------+-----+--------+

Top non-repeatable levels by time:
     D:2: 1497 daAuts
     D:4: 1469 daAuts
     D:1: 996 daAuts
     D:3: 914 daAuts
     D:6: 787 daAuts
     D:7: 709 daAuts
     D:5: 680 daAuts
     D:8: 284 daAuts
 Ossuary: 189 daAuts
  Bailey: 52 daAuts
